Map: Artillería pesada EE

Players

MrFercho

  • Race: Zerg Zerg
  • League: Gold
  • Spawn Location: 7:00

TATORREA

  • Race: Protoss Protoss
  • League: Gold
  • Spawn Location: 7:00

BinaryKitten - Winner!

  • Race: Zerg Zerg
  • Spawn Location: 3:00

Stoney - Winner!

  • Race: Zerg Zerg
  • Spawn Location: 1:00

VOD

Have the link to the VOD?

Description

Time

  • Played on: July 25, 2020, 9:58 p.m.
  • Length: 22:55
Show
View Real Time Build Order
Export as new Build Order

MrFercho Zerg 

Build Orders: Hatch First, Lurkers 

Get SALT Encoding   

  12  0:01  Drone  
  13  0:15  Overlord  
  13  0:28  Drone  
  14  0:33  Drone x2  
  16  0:52  Drone  
  16  0:56  Drone  
  16  0:57  Hatchery  
  17  1:00  Drone  
  18  1:10  Extractor  
  17  1:16  Spawning Pool  
  16  1:19  Drone  
  16  1:22  Drone  
  18  1:32  Drone  
  19  1:43  Drone  
  20  1:58  Drone  
  21  2:08  Overlord, Queen  
  21  2:12  Queen  
  21  2:15  Zergling x2  
  26  2:17  Zergling x2  
  27  2:36  Zergling x6  
  30  2:38  Drone  
  30  2:42  Metabolic Boost  
  31  2:45  Drone  
  32  2:51  Queen  
  32  2:55  Lair  
  32  2:58  Drone x2  
  36  3:01  Overlord  
  36  3:12  Overlord x2  
  36  3:23  Drone x3  
  36  3:24  Drone x2  
  41  3:41  Baneling Nest  
  40  3:46  Drone x5  
  45  4:00  Overlord  
  45  4:01  Drone x2  
  47  4:12  Drone x2  
  47  4:16  Zergling x4  
  47  4:17  Zergling x6  
  54  4:24  Baneling x7  
  54  4:30  Extractor  
  53  4:32  Extractor  
  53  4:35  Drone x3  
  53  4:37  Drone x2  
  57  4:58  Overlord  
  57  4:59  Overlord, Hatchery  
  56  5:16  Drone  
  56  5:17  Drone x7  
  64  5:25  Hatchery  
  64  5:28  Hydralisk Den  
  62  5:31  Evolution Chamber  
  62  5:32  Overseer  
  61  5:41  Evolution Chamber  
  60  5:52  Pneumatized Carapace  
  60  6:14  Muscular Augments  
  60  6:15  Zerg Missile Weapons Level 1  
  60  6:19  Zerg Melee Weapons Level 1  
  60  6:39  Zergling x34  
  81  6:40  Zergling x12  
  71  7:23  Zergling x30  
  71  7:25  Grooved Spines  
  75  7:36  Zergling x2  
  69  7:37  Zergling x6  
  69  7:40  Queen  
  71  7:58  Baneling x13  
  71  7:59  Zergling x2  
  71  8:00  Zergling x16  
  80  8:23  Centrifical Hooks  
  80  8:25  Zerg Missile Weapons Level 2  
  80  8:30  Infestation Pit  
  80  8:32  Lurker Den  
  78  8:36  Spire  
  78  8:38  Spore Crawler  
  76  8:42  Spore Crawler  
  76  8:44  Spore Crawler  
  76  8:46  Zerg Melee Weapons Level 2  
  74  8:54  Evolution Chamber, Drone x9  
  74  8:55  Drone x2  
  84  8:57  Overlord x5  
  84  9:02  Burrow  
  84  9:07  Extractor x2  
  82  9:11  Hydralisk x3  
  88  9:20  Hydralisk x2  
  72  9:54  Hydralisk x8  
  80  10:00  Drone x11  
  91  10:18  Hydralisk x3  
  91  10:19  Hydralisk x3  
  101  10:28  Hive  
  101  10:33  Extractor  
  101  10:34  Overlord x2  
  101  10:35  Overlord  
  100  10:46  Zerg Ground Armor Level 1  
  100  10:47  Hatchery  
  99  11:02  Spore Crawler  
  98  11:04  Drone x2  
  98  11:05  Drone, Spore Crawler  
  98  11:06  Spore Crawler  
  98  11:07  Drone  
  100  11:12  Hydralisk x4  
  100  11:13  Hydralisk x6  
  120  11:27  Overlord x3  
  120  11:41  Overlord x2  
  120  11:42  Overlord  
  120  11:43  Overlord  
  120  11:46  Drone  
  123  11:47  Drone x16  
  137  12:21  Hydralisk  
  137  12:22  Hydralisk x2  
  143  12:32  Spine Crawler  
  143  12:33  Spine Crawler  
  141  12:40  Extractor  
  141  12:42  Extractor  
  121  13:07  Spine Crawler  
  121  13:08  Spine Crawler  
  121  13:11  Spine Crawler  
  117  13:25  Hatchery  
  118  13:29  Spine Crawler  
  118  13:30  Hydralisk x5  
  118  13:31  Hydralisk x20  
  167  13:54  Seismic Spines  
  167  13:57  Zerg Ground Armor Level 2  
  167  13:58  Zerg Melee Weapons Level 3  
  167  14:03  Zerg Missile Weapons Level 3  
  103  14:49  Lurker x2  
  103  14:50  Lurker x9  
  103  14:51  Adaptive Talons  
  112  14:53  Hydralisk x3  
  118  15:30  Hydralisk x12  
  134  16:09  Drone x11  
  134  16:39  Spore Crawler  
  133  16:41  Queen, Spore Crawler  
  134  16:52  Overseer x4  
  134  17:14  Hydralisk  
  134  17:15  Hydralisk x22  
  142  17:16  Hydralisk x2  
  142  17:18  Overlord x3  
  142  17:19  Overlord x2  
  184  17:25  Hatchery  
  183  17:36  Greater Spire  
  181  17:56  Drone x3  
  184  18:22  Hatchery  
  183  18:39  Zerg Ground Armor Level 3  
  182  18:54  Queen  
  174  19:08  Hydralisk x12  
  139  19:29  Hydralisk x8  
  108  19:52  Hydralisk  
  108  19:53  Hydralisk x11  
  132  20:05  Hydralisk  
  132  20:06  Hydralisk x5  
  104  20:50  Drone x14  
  104  20:51  Hydralisk  
  104  20:52  Hydralisk x5  
  113  21:27  Extractor  
  113  21:29  Extractor  
  39  22:04  Hatchery  
  39  22:08  Overseer x2  
  38  22:10  Zergling x12  
  38  22:11  Zergling x12  
Show
View Real Time Build Order
Export as new Build Order

TATORREA Protoss 

Build Orders:  

Get SALT Encoding   

  12  0:01  Probe  
  13  0:13  Probe  
  14  0:25  Pylon  
  14  0:31  Probe  
  15  0:43  Probe  
  16  0:56  Gateway  
  16  1:00  Probe  
  17  1:11  Probe  
  17  1:16  Assimilator  
  18  1:19  Pylon, Probe  
  18  1:22  Pylon  
  19  1:27  Probe  
  21  1:47  Probe  
  20  1:54  Assimilator  
  20  2:02  Cybernetics Core  
  20  2:03  Gateway  
  20  2:08  Probe  
  21  2:16  Gateway  
  21  2:17  Gateway  
  21  2:20  Probe  
  22  2:38  Warp Gate  
  22  2:39  Stalker  
  24  2:50  Stalker  
  26  3:00  Pylon  
  26  3:10  Stalker  
  26  3:11  Stalker, Shield Battery  
  30  3:13  Shield Battery  
  30  3:30  Stalker x2  
  34  3:41  Stalker x2  
  38  4:00  Sentry  
  40  4:19  Nexus  
  40  4:20  Pylon  
  40  4:35  Twilight Council  
  40  4:37  Robotics Facility  
  40  4:38  Probe  
  41  4:46  Probe  
  42  4:54  Stalker  
  42  4:56  Probe  
  42  4:57  Blink  
  45  5:02  Stalker  
  47  5:10  Stalker  
  47  5:12  Probe  
  50  5:27  Probe  
  51  5:31  Probe  
  52  5:36  Assimilator  
  52  5:39  Assimilator  
  52  5:40  Probe  
  53  5:48  Probe  
  54  5:52  Probe  
  55  5:57  Pylon  
  55  6:00  Probe  
  56  6:05  Robotics Bay  
  56  6:13  Immortal  
  60  6:19  Probe x2  
  62  6:31  Probe  
  62  6:32  Probe  
  64  6:43  Extended Thermal Lance, Probe  
  64  6:44  Probe  
  66  6:55  Colossus  
  66  6:59  Probe x2  
  74  7:11  Probe x2  
  62  7:28  Stalker x2  
  62  7:29  Stalker x2  
  66  7:31  Probe x2  
  66  7:42  Forge  
  62  7:44  Forge  
  62  7:47  Forge  
  62  7:53  Stalker x2  
  62  7:54  Stalker  
  68  7:58  Stalker  
  70  8:17  Protoss Ground Weapons Level 1  
  70  8:18  Stalker x3  
  76  8:20  Protoss Shields Level 1  
  76  8:25  Protoss Ground Armor Level 1  
  76  9:06  Pylon  
  75  9:11  Colossus  
  75  9:13  Nexus  
  74  9:20  Pylon  
  74  9:21  Pylon  
  74  9:22  Stalker x3  
  74  9:39  Probe x2  
  76  9:51  Probe x2  
  78  10:03  Probe  
  79  10:11  Stalker x4  
  87  10:16  Probe x2  
  89  10:23  Protoss Ground Weapons Level 2  
  89  10:24  Probe x2  
  90  10:33  Probe x2  
  91  10:42  Photon Cannon  
  93  10:47  Photon Cannon  
  93  10:50  Protoss Shields Level 2  
  93  10:51  Shield Battery  
  93  10:55  Photon Cannon  
  93  10:56  Protoss Ground Armor Level 2  
  93  10:58  Photon Cannon  
  93  11:00  Probe  
  93  11:01  Probe  
  93  11:02  Probe  
  96  11:38  Probe  
  96  11:39  Probe  
  98  11:41  Probe  
  99  11:50  Colossus  
  99  11:52  Assimilator x2  
  105  11:57  Pylon  
  105  11:58  Pylon  
  105  12:03  Pylon, Templar Archives  
  105  12:05  Pylon  
  92  12:30  Stalker x2  
  92  12:31  Stalker x2  
  100  12:39  Probe x2  
  100  12:40  Probe  
  97  12:51  Probe x2  
  97  12:52  Probe  
  100  13:04  Photon Cannon  
  94  13:06  Photon Cannon  
  94  13:07  Photon Cannon  
  94  13:10  Photon Cannon  
  94  13:13  Photon Cannon  
  94  13:14  Photon Cannon  
  94  13:16  Probe  
  94  13:17  Shield Battery  
  94  13:18  Shield Battery, Probe  
  96  13:27  Probe  
  96  13:28  Probe  
  96  13:30  Probe  
  99  13:36  Stalker  
  99  13:39  Probe  
  102  13:48  Probe x2  
  104  13:51  Probe  
  105  13:56  Psionic Storm  
  105  14:00  High Templar x3  
  105  14:01  High Templar  
  113  14:08  Probe x3  
  116  14:17  Photon Cannon  
  116  14:20  Probe  
  116  14:24  Photon Cannon, Probe x2  
  117  14:31  Archon x2  
  119  14:32  Probe  
  119  14:35  Stalker x2  
  54  15:16  Stalker x2  
  54  15:17  Stalker x2  
  60  15:27  Gateway  
  60  15:28  Gateway  
  60  15:30  Gateway  
  60  15:33  Gateway  
  60  15:37  Colossus  
  58  15:43  Gateway  
  55  16:06  Cybernetics Core  
  53  16:42  High Templar  
  53  16:43  High Templar x4  
  53  16:44  High Templar  
  65  16:47  Pylon  
  65  16:53  Protoss Ground Weapons Level 3, Protoss Ground Armor Level 3  
  65  16:56  Gateway  
  65  17:00  Gateway  
  65  17:01  Gateway  
  65  17:02  Gateway  
  65  17:04  Protoss Shields Level 3  
  65  17:05  Gateway  
  65  17:09  Gateway  
  65  17:15  Stalker x2  
  67  17:16  Stalker x3  
  67  17:17  Stalker x3  
  67  17:18  Stalker  
  67  17:21  Archon x3  
  83  18:11  Nexus  
  83  18:14  Colossus  
  83  18:15  Pylon x2  
  83  18:19  Charge  
  89  18:27  Gravitic Boosters  
  89  18:45  Probe  
  89  18:46  Probe x2  
  92  18:51  Stalker x3  
  98  18:58  Probe x3  
  101  19:06  Observer  
  101  19:09  High Templar x4  
  110  19:10  Probe x3, High Templar x4  
  110  19:14  Archon x4  
  121  19:33  Stargate  
  121  19:34  Stargate  
  121  19:37  Assimilator  
  121  19:41  Assimilator  
  121  19:45  Stalker  
  121  19:46  Stalker x3  
  86  20:19  Stalker x2  
  86  20:20  Stalker x5  
  74  20:21  Stalker  
  74  20:27  Zealot  
  74  20:28  Zealot x4  
  78  20:29  Zealot x2  
  76  21:03  Phoenix x2  
  60  21:22  Probe x4  
  64  21:25  Nexus  
  64  21:28  Pylon, Phoenix x2  
  64  21:31  Pylon  
  68  21:33  Pylon  
  68  21:41  Stalker x3  
  68  21:42  Stalker x2  
  68  21:43  Stalker x3  
  84  21:55  Probe  
  84  21:56  Probe x3  
  84  22:00  Stalker x2  
  84  22:01  Stalker x2  
  96  22:05  Assimilator  
  96  22:10  Assimilator  
  78  22:36  Stalker x4  
  72  22:38  Stalker x2  
  72  22:39  Stalker x2  
  72  22:40  Stalker  
Show
View Real Time Build Order
Export as new Build Order

BinaryKitten Zerg - Winner!

Build Orders: Hatch First, Muta Ling Bane, Swarm Host 

Get SALT Encoding   

  12  0:24  Drone  
  12  0:27  Overlord  
  12  0:28  Drone  
  14  0:49  Hatchery  
  13  0:51  Drone  
  13  0:53  Drone  
  15  1:12  Drone x2  
  17  1:34  Spawning Pool  
  16  1:58  Drone  
  16  1:59  Drone x2  
  19  2:06  Drone  
  20  2:11  Extractor  
  20  2:14  Extractor  
  19  2:15  Drone  
  19  2:18  Drone  
  20  2:28  Drone  
  20  2:29  Roach Warren  
  20  2:40  Drone  
  20  2:41  Drone  
  20  2:42  Drone  
  23  2:52  Drone x2  
  23  2:54  Drone  
  23  2:55  Drone  
  23  2:57  Extractor  
  26  3:00  Extractor  
  25  3:07  Drone  
  25  3:10  Queen  
  28  3:14  Overlord x2  
  28  3:31  Queen  
  30  3:44  Drone x2  
  30  3:45  Drone  
  30  3:46  Drone x2  
  30  3:47  Drone  
  36  3:50  Lair  
  36  4:01  Drone  
  37  4:06  Metabolic Boost  
  37  4:24  Overlord x2  
  37  4:25  Overlord  
  37  4:35  Roach x3  
  43  5:05  Hatchery  
  43  5:07  Roach x11  
  64  5:17  Drone  
  65  5:23  Glial Reconstitution  
  65  5:27  Zergling x2  
  65  5:28  Zergling x4  
  68  5:34  Overlord  
  68  5:35  Baneling Nest, Overlord  
  67  5:52  Queen  
  69  6:00  Drone x2  
  69  6:01  Drone  
  72  6:06  Roach x3  
  72  6:07  Roach  
  72  6:11  Roach  
  82  6:28  Spore Crawler  
  82  6:30  Centrifical Hooks  
  81  6:33  Drone, Spire  
  81  6:36  Drone  
  81  6:38  Drone  
  83  6:41  Drone  
  83  6:43  Drone  
  85  7:12  Evolution Chamber  
  59  7:31  Roach x6  
  59  7:32  Roach x8  
  59  7:33  Roach  
  81  7:50  Mutalisk x4  
  89  8:00  Overlord x2  
  89  8:01  Overlord  
  89  8:19  Roach  
  91  8:20  Roach x5  
  101  8:41  Drone  
  101  8:42  Drone x10  
  112  8:53  Zerg Flyer Weapons Level 1  
  112  8:55  Zerg Ground Armor Level 1  
  112  9:18  Drone x2  
  112  9:19  Overlord  
  112  9:20  Overlord x4  
  112  10:03  Roach x10  
  132  10:35  Extractor  
  131  10:36  Queen  
  131  10:37  Extractor  
  132  10:48  Zerg Flyer Armor Level 1  
  132  10:51  Infestation Pit  
  132  10:55  Zerg Ground Armor Level 2  
  131  11:03  Mutalisk  
  131  11:04  Mutalisk x8  
  149  12:01  Drone  
  149  12:02  Drone x2  
  152  12:10  Hive  
  150  13:24  Swarm Host  
  150  13:26  Overlord x3  
  150  13:27  Overlord  
  153  13:34  Greater Spire  
  153  13:41  Zerg Ground Armor Level 3  
  153  14:25  Swarm Host x4  
  165  14:33  Nydus Network  
  165  14:34  Pneumatized Carapace  
  134  15:10  Swarm Host x5  
  134  15:11  Swarm Host  
  136  15:31  Overseer  
  136  15:34  Overseer x3  
  136  15:38  Corruptor x6  
  136  15:39  Corruptor x2  
  152  16:52  Corruptor x3  
  152  16:53  Corruptor x7  
  152  16:54  Corruptor  
  174  17:06  Zerg Flyer Weapons Level 2  
  174  17:09  Zerg Missile Weapons Level 1  
  174  17:29  Hatchery  
  173  17:53  Brood Lord x4  
  173  17:54  Brood Lord x2  
  173  17:56  Overlord  
  173  17:57  Overlord x5  
  159  19:43  Brood Lord x4  
  159  19:44  Corruptor  
  159  19:45  Corruptor x11  
  155  20:32  Extractor  
  155  20:33  Extractor  
  149  20:58  Swarm Host x5  
  149  20:59  Swarm Host x2  
  156  21:41  Brood Lord  
Show
View Real Time Build Order
Export as new Build Order

Stoney Zerg - Winner!

Build Orders: Hatch First 

Get SALT Encoding   

  12  0:01  Drone  
  13  0:24  Drone  
  13  0:27  Overlord  
  14  0:49  Drone  
  16  0:50  Drone x2  
  17  1:10  Extractor, Hatchery  
  15  1:12  Extractor  
  14  1:37  Drone x3  
  17  1:55  Drone  
  18  2:04  Drone  
  19  2:20  Drone  
  20  2:32  Drone  
  20  2:33  Drone  
  20  2:35  Drone  
  20  2:36  Drone  
  24  2:54  Spawning Pool  
  23  2:59  Drone x2  
  23  3:05  Drone x3  
  28  3:20  Evolution Chamber  
  28  3:21  Drone  
  28  3:32  Overlord x3  
  28  3:44  Spore Crawler  
  27  3:50  Roach Warren  
  27  3:52  Drone x3  
  27  3:54  Drone x2  
  31  4:16  Spore Crawler  
  30  4:22  Drone x2  
  30  4:24  Drone x2  
  34  4:31  Roach  
  34  4:37  Overlord x3  
  36  4:54  Queen x2  
  40  5:06  Roach x4  
  48  5:31  Extractor  
  48  5:32  Extractor  
  46  5:38  Roach x4  
  46  5:39  Roach x2  
  58  5:54  Drone, Spore Crawler  
  58  6:08  Drone x2  
  60  6:28  Overlord x3  
  60  6:29  Overlord x5  
  60  6:56  Roach  
  60  6:57  Roach x8  
  66  7:30  Roach x5  
  66  7:31  Roach x4  
  74  7:50  Roach x2  
  74  7:51  Roach x2  
  82  8:03  Roach x2  
  86  8:06  Lair  
  72  8:17  Roach x3  
  74  8:38  Roach x4  
  74  8:39  Roach x3  
  88  8:48  Zerg Ground Armor Level 1  
  88  8:53  Evolution Chamber  
  88  8:55  Drone x2  
  89  8:57  Overlord x4  
  89  9:24  Drone x4  
  93  9:40  Roach  
  93  9:41  Roach x6  
  93  9:44  Zerg Missile Weapons Level 1  
  79  10:08  Roach x7  
  93  10:36  Roach  
  93  10:37  Roach x6  
  107  10:44  Zerg Ground Armor Level 2  
  107  10:46  Glial Reconstitution  
  107  11:31  Roach x12  
  131  11:34  Hatchery  
  130  11:52  Hatchery  
  129  12:10  Tunneling Claws  
  129  12:15  Infestation Pit  
  129  12:19  Hydralisk Den  
  129  12:20  Zerg Missile Weapons Level 2  
  127  12:26  Roach  
  127  12:27  Roach x12  
  151  12:39  Roach  
  151  12:40  Roach  
  113  13:19  Roach  
  121  13:20  Roach x14  
  121  13:25  Queen  
  145  13:28  Queen  
  145  13:30  Drone  
  148  13:56  Roach  
  148  13:57  Roach x8  
  166  14:20  Grooved Spines  
  166  14:23  Overlord x3  
  86  15:18  Roach x8  
  86  15:19  Roach x8  
  118  15:31  Muscular Augments  
  82  16:10  Roach x12  
  100  16:32  Drone x2  
  102  16:44  Drone x3  
  102  16:46  Drone  
  106  16:48  Roach x3  
  106  16:49  Roach x3  
  118  16:58  Drone  
  119  17:01  Hive  
  119  17:04  Hydralisk x5  
  129  17:40  Hydralisk x9  
  129  17:41  Hydralisk x4  
  155  17:59  Hydralisk  
  155  18:00  Hydralisk x3  
  163  18:27  Hydralisk x7  
  163  18:28  Hydralisk x7  
  129  19:14  Spore Crawler  
  108  19:52  Hydralisk  
  108  19:53  Hydralisk x14  
  98  20:13  Hydralisk x3  
  98  20:14  Hydralisk  
  74  20:55  Hydralisk x10  
  74  20:56  Hydralisk x2  
  96  21:20  Hydralisk  
  96  21:21  Hydralisk x7  
  106  22:17  Extractor  
  106  22:18  Extractor  
  104  22:28  Hatchery  
Tags
 
Add a new tag
Caveats
  • Supply blocks, unpowered buildings, or Contaminate may cause inaccurate times.
  • Supply counts are checked every 10 seconds.